 Dungeon Crawl Stone Soup version 0.29.1-15-g9cfb28693d (webtiles) character file.

Game seed: 2428327373756677378

13 112233 the Stinger (level 2, 0/19 HPs)
             Began as a Demonspawn Venom Mage on Feb 23, 2023.
             Frozen to death by an endoplasm (5 damage)
             ... on level 1 of the Dungeon.
             The game lasted 00:00:55 (416 turns).

112233 the Stinger (Demonspawn Venom Mage)           Turns: 416, Time: 00:00:56

Health: 0/19       AC:  2    Str:  8    XL:     2   Next: 24%
Magic:  1/5        EV: 12    Int: 22    God:
Gold:   54         SH:  0    Dex: 13    Spells: 5/6 levels left

rFire   . . .      SeeInvis .   g - +0 long sword
rCold   . . .      Faith    .   (no shield)
rNeg    . . .      Spirit   .   a - +0 robe
rPois   .          Reflect  .   (no helmet)
rElec   .          Harm     .   (no cloak)
rCorr   .          Rampage  .   (no gloves)
Will    .....                   (no boots)
Stlth   ++........              (no amulet)
HPRegen 0.06/turn               i - +6 ring of intelligence
MPRegen 0.09/turn               (no ring)

@: no status effects
A: foul stench 1
a: no special abilities


You were on level 1 of the Dungeon.
You visited 1 branch of the dungeon, and saw 1 of its levels.

You collected 54 gold pieces.

Inventory:

Hand Weapons
 g - a +0 long sword (weapon)
Armour
 a - a +0 robe (worn)
Jewellery
 i - a +6 ring of intelligence (left hand)
Scrolls
 c - a scroll of identify {unknown}
 e - 2 scrolls of teleportation {unknown}
 h - a scroll of blinking {unknown}
Potions
 b - a potion of magic
 d - a potion of might {unknown}
 f - a potion of brilliance {unknown}


   Skills:
 - Level 1.7 Dodging
 - Level 1.7 Stealth
 + Level 2.8 Spellcasting
 - Level 0.8 Transmutations
 - Level 3.0 Poison Magic


You had 5 spell levels left.
You knew the following spells:

 Your Spells              Type           Power      Damage    Failure   Level
a - Sting                 Tmut/Pois      44%        1d5       6%          1

Your spell library contained the following spells:

 Spells                   Type           Power      Damage    Failure   Level
 Poisonous Vapours        Pois/Air       18%        N/A       11%         2
 Mephitic Cloud           Conj/Pois/Air  7%         N/A       26%         3
 Olgreb's Toxic Radiance  Pois           16%        N/A       36%         4


Dungeon Overview and Level Annotations

Branches:
Dungeon (1/15)

Altars:


Innate Abilities, Weirdness & Mutations

You may rarely emit foul miasma when damaged in melee.


Message History

The endoplasm quivers.
The rat barely misses you.
Casting: Sting (safe; 6% risk of failure)
Confirm with . or Enter, or press ? or * to list all spells.
Aiming: Sting (safe; 6% risk of failure)
Press: ? - help, Shift-Dir - straight line, f - rat
Aim: a rat (71% to hit)
The sting misses the rat.
The rat bites you.
Unknown command.
The rat attacks as you move away! The rat closely misses you.
The dart slug launches a dart at you. The slug dart hits you.
Casting: Sting (safe; 6% risk of failure)
Confirm with . or Enter, or press ? or * to list all spells.
Aiming: Sting (safe; 6% risk of failure)
Press: ? - help, Shift-Dir - straight line, f/p - rat
Aim: a rat (71% to hit)
The sting hits the rat.
The rat is poisoned.
You kill the rat!
Unknown command.
Casting: Sting (safe; 6% risk of failure)
Confirm with . or Enter, or press ? or * to list all spells.
Aiming: Sting (safe; 6% risk of failure)
Press: ? - help, Shift-Dir - straight line, f - dart slug
Aim: a dart slug (100% to hit)
The sting hits the dart slug.
The dart slug is poisoned.
The dart slug is moderately wounded.
Unknown command.
The dart slug misses you.
You completely miss the dart slug.
The dart slug is severely wounded.
The dart slug launches a dart at you. The slug dart hits you.
* * * LOW HITPOINT WARNING * * *
You hit the dart slug.
The dart slug is almost dead.
You kill the dart slug!
The endoplasm freezes you.
You are frozen.
You die...

# #†# ..#.#....#...#..#. #.. #†#
#.#.#.....#.#.##..
.....##.#######.#.#..#...#...#..
.......wr)...##.#.#...#.#.....#.
.......#####.#....#....#.......#
#...##. #........#...#.<.#...
### #. ###...##..#...#.#...# #?
##J###...#...#...#. #.
#@###....#...#.#.. ..
#...#.....#...##.. ##
#.###....#.#.#..#. #.#
#...#...#....# #.#
#..#...#.#.... #.#
#.#...#....... #.#
##............ #.# #######.#####
#.# #.#


You could see an endoplasm.

Vanquished Creatures
  A dart slug (D:1)
  2 ball pythons (D:1)
  2 endoplasms (D:1)
  A goblin (D:1)
  2 hobgoblins (D:1)
  A quokka (D:1)
  A frilled lizard (D:1)
  2 rats (D:1)
12 creatures vanquished.

Notes
Turn   | Place    | Note
-------+----------+-------------------------------------------
     0 | D:1      | 112233 the Demonspawn Venom Mage began the quest for the
                  | Orb.
     0 | D:1      | Reached XP level 1. HP: 13/13 MP: 3/3
   312 | D:1      | Gained mutation: You may rarely emit foul miasma when
                  | damaged in melee. [demonic ancestry]
   312 | D:1      | Reached XP level 2. HP: 16/19 MP: 1/5
   416 | D:1      | Frozen to death by an endoplasm

Illustrated notes

Levels and vault maps discovered:
D:1:      matt_arrival_diagonals, layout_loops_ring

Action                   || total
-------------------------++-------
Melee: Unarmed           ||     4
       Long sword        ||    10
 Cast: Sting             ||    19
Armor: Robe              ||     2
Dodge: Dodged            ||    12
